 Dungeon Crawl Stone Soup version 0.21-a0-426-g98080a9 (webtiles) character file.

5 theanonym the Magician (level 1, -3/13 HPs)
             Began as a Mummy Ice Elementalist on Nov 6, 2017.
             Slain by an ooze (5 damage)
             ... on level 1 of the Dungeon.
             The game lasted 00:00:26 (512 turns).

theanonym the Magician (Mummy Ice Elementalist)      Turns: 512, Time: 00:00:26

Health: -3/13      AC:  2    Str: 11    XL:     1   Next: 66%
Magic:  0/4        EV: 12    Int: 14    God:
Gold:   33         SH:  0    Dex: 12    Spells: 5/6 levels left

rFire    x . .     SeeInvis .   c - +0 whip
rCold    + . .     Gourm    .   (no shield)
rNeg     + + +     Faith    .   a - +0 robe
rPois    ∞         Spirit   .   (no helmet)
rElec    .         Reflect  .   (no cloak)
rCorr    .         Harm     .   (no gloves)
MR       .....                  (no boots)
Stlth    ++........             (no amulet)
HPRegen  0.04/turn              (no ring)
MPRegen  0.09/turn              (no ring)

@: very slightly contaminated
A: no food or potions, fire vulnerability, cold resistance 1, negative energy
resistance 3, torment resistance, unbreathing
a: no special abilities


Innate Abilities, Weirdness & Mutations

You do not eat or drink.
Your flesh is vulnerable to fire.
You are immune to poison.
Your flesh is cold resistant. (rC+)
You are immune to negative energy. (rN+++)
You are immune to unholy pain and torment.
You can survive without breathing.


   Skills:
 - Level 1.5 Dodging
 - Level 1.5 Stealth
 + Level 3.0 Spellcasting
   Level 0.7 Conjurations
 + Level 2.6 Ice Magic


You had 5 spell levels left.
You knew the following spells:

 Your Spells              Type           Power        Failure   Level  Hunger
a - Freeze                Ice            #...         8%          1    N/A

Skill      XL: |  1 |
---------------+----+-----
Spellcasting   | 3 |  3.0
Dodging        | |  1.5
Stealth        | |  1.5
Conjurations   | |  0.7
Ice Magic      | |  2.6

Action                   || total
-------------------------++-------
Melee: Whip              ||     5
 Cast: Freeze            ||    11
Armor: Robe              ||     4
Dodge: Dodged            ||     6

Inventory:

Hand Weapons
 c - a +0 whip (weapon)
   (You found it on level 1 of the Dungeon)
Armour
 a - a +0 robe (worn)
Jewellery
 f - an uncursed ring of magical power {unknown}
   (You found it on level 1 of the Dungeon)
Scrolls
 d - a scroll of recharging {unknown}
 e - a scroll of immolation {unknown}
 g - a scroll of fear {unknown}
Books
 b - a book of Frost

   Spells                             Type                      Level
   a - Freeze                         Ice                          1
   b - Throw Frost                    Conjuration/Ice              2
   c - Ozocubu's Armour               Charms/Ice                   3
   d - Throw Icicle                   Conjuration/Ice              4
   e - Summon Ice Beast               Ice/Summoning                4

Dungeon Overview and Level Annotations

Branches:
Dungeon (1/15)

Altars:


You were on level 1 of the Dungeon.
You were not hungry.

You visited 1 branch of the dungeon, and saw 1 of its levels.

You collected 33 gold pieces.


Message History

You hit the hobgoblin but do no damage.
The hobgoblin hits you but does no damage.
You barely miss the hobgoblin. The hobgoblin closely misses you.
You hit the hobgoblin but do no damage. The hobgoblin completely misses you.
You hit the hobgoblin.
You kill the hobgoblin!
Your Spellcasting skill increases to level 3!
Things that are here:
a club; a hobgoblin corpse You open the door.
There is an open door here.
You open the door.
There is an open door here.
Key pressed, stopping explore.
You now have 33 gold pieces (gained 6).
As you open the door, it creaks loudly!
There is an open door here.
There is an empty arch of ancient stone here.
There is a fountain of clear blue water here.
There is an empty arch of ancient stone here.
There is an open door here.
f - an opal ring Health restored: 13; MP restored: 4 As you open the door, it creaks loudly!
Found a royal jelly.
There is an open door here.
You see here a royal jelly.
Found a stone staircase leading down.
g - a scroll labeled HUPLER VIUSEOF
Found 11 stones.
Found a stone staircase leading down.
No target in view!
No target in view!
No target in view!
A kobold comes into view.
The kobold shouts!
The kobold throws a stone.
The stone hits you.
You see here a stone.
You take 1 damage, and have 12/13 hp.
A kobold is nearby!
A kobold is nearby!
A kobold is nearby!
A kobold is nearby!
The kobold hits you.
You take 2 damage, and have 10/13 hp.
Aim: a kobold You freeze the kobold.
You kill the kobold!
You now have 3/4 mp.
No target in view!
No target in view!
No target in view!
No target in view!
No target in view!
You see here 2 stones.
Found 18 arrows.
An ooze comes into view.
Health restored: 13; MP restored: 4 An ooze is nearby!
An ooze is nearby!
An ooze is nearby!
An ooze is nearby!
An ooze is nearby!
An ooze is nearby!
The ooze quivers.
Aim: an ooze You freeze the ooze.
The ooze hits you.
You take 4 damage, and have 9/13 hp.
MASSIVE DAMAGE!!
You now have 3/4 mp.
You are too injured to fight recklessly!
You are too injured to fight recklessly!
You are too injured to fight recklessly!
You are too injured to fight recklessly!
You are too injured to fight recklessly!
You are too injured to fight recklessly!
You are too injured to fight recklessly!
Aim: an ooze (moderately wounded)
You freeze the ooze. The ooze hits you.
You take 2 damage, and have 7/13 hp.
You now have 2/4 mp.
Aim: an ooze (moderately wounded)
You miscast Freeze.
You are very lightly contaminated with residual magic.
You hear a crackling sound.
* * * LOW MAGIC WARNING * * *
The ooze hits you.
* * * LOW HITPOINT WARNING * * *
You take 5 damage, and have 2/13 hp.
MASSIVE DAMAGE!!
You now have 1/4 mp.
Aim: an ooze (moderately wounded)
You freeze the ooze.
* * * LOW MAGIC WARNING * * *
The ooze hits you but does no damage.
You don't have enough magic to cast that spell.
You now have 0/4 mp.
No previous command to re-do.
No previous command to re-do.
No previous command to re-do.
No previous command to re-do.
No previous command to re-do.
No previous command to re-do.
You hit the ooze. The ooze hits you.
You die...

#####...#........#.#
....#...#........#.#########
....'...'..................#
....#...#.........########.#
....#...#.....###.######.#.##
#####...#.>...# #.#......#..#
#########.....###.#.####.##.##.##
....................(.......>....
#####.#######...@....###.###.#..#
#.# #...J##..#......(.... #.#
+....+...#...###..#.# #####.#
#....#.......# #..... ...##.#
#....#.......# #.#.#. ...##.#
######.......###..(.. ....#.#
...........(.#.. ....#.#
############.#.. ....# #.##.


You could see an ooze.

Notes
Turn   | Place    | Note
-------+----------+-------------------------------------------
     0 | D:1      | theanonym the Mummy Ice Elementalist began the quest for the Orb.
     0 | D:1      | Reached XP level 1. HP: 13/13 MP: 4/4
   176 | D:1      | Reached skill level 3 in Spellcasting
   510 | D:1      | HP: 2/13 [ooze (5)]
   512 | D:1      | Slain by an ooze

Vanquished Creatures
  2 hobgoblins (D:1)
  2 bats (D:1)
  A kobold (D:1)
5 creatures vanquished.
